 Dungeon Crawl Stone Soup version 0.23-a0-619-g281719c (webtiles) character file.

149 Leeroy the Conjurer (level 5, -4/30 HPs)
             Began as a Tengu Conjurer on Dec 22, 2018.
             Slain by a scorpion (8 damage)
             ... on level 4 of the Dungeon.
             The game lasted 00:12:33 (2868 turns).

Leeroy the Conjurer (Tengu Conjurer)                Turns: 2868, Time: 00:12:34

Health: -4/30      AC:  7    Str:  8    XL:     5   Next: 31%
Magic:  1/9        EV: 11    Int: 17    God:
Gold:   272        SH:  0    Dex: 14    Spells: 2/8 levels left

rFire    . . .     SeeInvis .   E - +0 falchion
rCold    . . .     Gourm    .   (no shield)
rNeg     . . .     Faith    .   b - +1 ring mail
rPois    .         Spirit   .   (helmet restricted)
rElec    .         Reflect  .   (no cloak)
rCorr    .         Harm     .   t - +0 pair of gloves
MR       .....                  (boots unavailable)
Stlth    +.........             (no amulet)
HPRegen  0.10/turn              (no ring)
MPRegen  0.11/turn              (no ring)

@: no status effects
A: beak, talons 3, able to fly 1
a: Fly


You were on level 4 of the Dungeon.
You were not hungry.

You visited 1 branch of the dungeon, and saw 4 of its levels.

You collected 272 gold pieces.

Inventory:

Hand Weapons
 e - a +0 dagger
 g - a +0 spear
 h - a +0 whip
 s - a +0 hunting sling
 C - a +0 short sword
 E - a +0 falchion (weapon)
Missiles
 d - 126 stones (quivered)
 j - 26 poisoned needles
 B - 37 sling bullets
 D - 42 bolts
Armour
 a - a +0 robe
 b - a +1 ring mail (worn)
 k - a +2 robe of resistance
 t - a +0 pair of gloves (worn)
Magical Staves
 A - an uncursed staff of earth
Jewellery
 l - a cursed -3 ring of intelligence {unknown}
Scrolls
 o - 2 scrolls of teleportation
 u - 4 scrolls of enchant weapon {unknown}
 v - a scroll of fear
 w - 6 scrolls of identify
 y - a scroll of remove curse
Potions
 f - 2 potions of cancellation {unknown}
 i - 2 potions of might
 m - a potion of brilliance {unknown}
 p - a potion of magic {unknown}
 q - a potion of invisibility {unknown}
 r - a potion of haste {unknown}
 x - a potion of degeneration {unknown}
 z - a potion of berserk rage {unknown}
Comestibles
 c - 4 rations


   Skills:
 + Level 2.1 Fighting
 - Level 1.6(1.7) Short Blades
 * Level 0.5(1.2) Long Blades
 - Level 1.0 Maces & Flails
 + Level 1.7 Armour
 + Level 3.0 Dodging
 + Level 2.1 Stealth
 - Level 2.0 Spellcasting
 * Level 6.0 Conjurations


You had 2 spell levels left.
You knew the following spells:

 Your Spells              Type           Power        Failure   Level  Hunger
a - Magic Dart            Conj           ###.         4%          1    #......
b - Searing Ray           Conj           ###...       7%          2    ###....
c - Dazzling Spray        Conj/Hex       ##....       45%         3    ###....

Your spell library contained the following spells:

 Spells                   Type           Power        Failure   Level  Hunger
 Iskenderun's Mystic Bla  Conj           ###.....     43%         4    #####..
 Force Lance              Conj/Tloc      ##......     86%         4    #####..
 Fulminant Prism          Conj/Hex       ##........   86%         4    #####..


Dungeon Overview and Level Annotations

Branches:
Dungeon (4/15)
 Temple: D:4-7

Altars:
Fedhas
Gozag


Innate Abilities, Weirdness & Mutations

You have a beak for a mouth.
You have claws for feet.
You can fly.


Message History

You are lethally poisoned!
The scorpion poisons you!
Unknown command.
You feel better. The scorpion stings you.
* * * LOW HITPOINT WARNING * * *
Casting: Searing Ray (safe; 7% risk of failure)
Confirm with . or Enter, or press ? or * to list all spells.
Aiming: Dazzling Spray (slightly dangerous; 45% risk of failure)
Press: ? - help, Shift-Dir - straight line, f/p - gnoll
Aim: a gnoll, wielding a +0 club (severely wounded)
The spray of energy hits the scorpion.
The scorpion is severely wounded.
The scorpion is dazzled.
The scorpion closely misses you.
You riposte.
You hit the scorpion.
The scorpion is severely wounded.
You hit the scorpion. Your kick misses the scorpion.
Your peck misses the scorpion.
The scorpion is almost dead.
The scorpion stings you!
You die...

#..<.....
#.#.g....
#.....g.#
#g#.##...
###.#.##.##
#...#.##.#
#.#.#.##.#
#########.#.#.##.#
#.@sgg........##..
#.######......# #
#. #..#..## #. ..
#..#..# ###. ###
...#........ ###.
######. #. ###.. .
..... .....


You could see a scorpion (blind) and 2 gnolls.

Vanquished Creatures
  A worker ant (D:4)
  4 adders
  An ooze (D:1)
  3 worms
  2 dart slugs (D:1)
  6 leopard geckos
  2 orcs (D:3)
  2 ball pythons
  4 bats
  2 giant cockroaches
  7 goblins
  5 hobgoblins
  6 jackals
  5 frilled lizards
  3 kobolds
  A quokka skeleton (D:4)
  10 rats
64 creatures vanquished.

Notes
Turn   | Place    | Note
-------+----------+-------------------------------------------
     0 | D:1      | Leeroy the Tengu Conjurer began the quest for the Orb.
     0 | D:1      | Reached XP level 1. HP: 10/10 MP: 4/4
   416 | D:1      | Reached XP level 2. HP: 7/16 MP: 1/6
   420 | D:1      | Learned a level 2 spell: Searing Ray
   820 | D:1      | Reached XP level 3. HP: 4/20 MP: 7/7
   824 | D:1      | Reached skill level 1 in Short Blades
   833 | D:1      | Learned a level 3 spell: Dazzling Spray
   892 | D:1      | Reached skill level 1 in Fighting
  1247 | D:2      | Reached skill level 1 in Armour
  1310 | D:2      | Found an opulent altar of Gozag.
  1346 | D:2      | Reached XP level 4. HP: 10/25 MP: 8/8
  1766 | D:2      | Found a blossoming altar of Fedhas.
  2174 | D:3      | Reached skill level 1 in Maces & Flails
  2651 | D:4      | Reached skill level 6 in Conjurations
  2651 | D:4      | Gained mutation: You can fly. [Tengu growth]
  2651 | D:4      | Reached XP level 5. HP: 3/30 MP: 4/9
  2651 | D:4      | HP: 1/30 [poisoned by a worker ant]
  2868 | D:4      | Slain by a scorpion

Vault maps used:
D:1:      dpeg_arrival_tiny_c
D:2:      lemuel_crystal_altar, nicolae_gozag_seed_capital
D:4:      enter_ossuary_4, first_ration

Skill      XL: |  1  2  3  4 |
---------------+-------------+-----
Short Blades   | 1 |  1.6
Fighting       | 1 2 |  2.1
Armour         | 1 |  1.7
Maces & Flails | 1 |  1.0
Dodging        | 3 |  3.0
Conjurations   | 6 |  6.0
Long Blades    | |  0.5
Stealth        | |  2.1
Spellcasting   | |  2.0

Action                   |  1- 3 |  4- 6 || total
-------------------------+-------+-------++-------
Melee: Dagger            |     5 |    16 ||    21
       Whip              |    77 |    21 ||    98
       Kick              |    19 |    11 ||    30
       Unarmed           |     2 |       ||     2
       Peck              |     9 |     9 ||    18
       Spear             |       |    12 ||    12
       Falchion          |       |     9 ||     9
       Short sword       |       |     3 ||     3
Throw: Stone             |     8 |       ||     8
 Cast: Magic Dart        |    14 |    10 ||    24
       Searing Ray       |     5 |     8 ||    13
       Dazzling Spray    |     1 |     3 ||     4
  Use: Scroll            |     5 |     2 ||     7
       Potion            |       |     3 ||     3
  Eat: Chunk             |     2 |     6 ||     8
Armor: Ring mail         |    47 |    34 ||    81
Dodge: Dodged            |    49 |    69 ||   118
       Rpst.: Falchion   |       |     8 ||     8

Table legend:
 A = Non-vault XP
 B = Vault XP
 C = Vault XP percentage of total XP
 D = Non-vault monster count
 E = Vault monster count
 F = Vault count percentage of total count
                 A         B        C        D         E       F
            +---------+---------+-------+---------+---------+-------
      Total |     213 |       0 |   0.0 |      64 |       0 |   0.0
            +---------+---------+-------+---------+---------+-------
        D:1 |      60 |       0 |   0.0 |      27 |       0 |   0.0
        D:2 |      29 |       0 |   0.0 |      12 |       0 |   0.0
        D:3 |      70 |       0 |   0.0 |      20 |       0 |   0.0
        D:4 |      54 |       0 |   0.0 |       5 |       0 |   0.0
            +---------+---------+-------+---------+---------+-------
